 Dungeon Crawl Stone Soup version 0.27.1-33-g824d729ab1 (webtiles) character file.

Game seed: 7093225622099865121

111 Nixze the Conjurer (level 4, -9/33 HPs)
             Began as a Demonspawn Conjurer on Dec 11, 2021.
             Was an Initiate of Qazlal.
             Mangled by a hornet zombie (12 damage)
             ... on level 4 of the Dungeon.
             The game lasted 00:04:15 (3139 turns).

Nixze the Conjurer (Demonspawn Conjurer)            Turns: 3139, Time: 00:04:16

Health: -9/33      AC:  3    Str:  8    XL:     4   Next: 62%
Magic:  0/10       EV: 12    Int: 20    God:    Qazlal [......]
Gold:   138        SH:  0    Dex: 11    Spells: 8/11 levels left

rFire    . . .     SeeInvis .   k - +1 whip (freeze)
rCold    . . .     Faith    .   (no shield)
rNeg     . . .     Spirit   .   a - +0 robe
rPois    .         Reflect  .   j - +0 helmet
rElec    .         Harm     .   (no cloak)
rCorr    .         Rampage  .   (no gloves)
Will     .....                  (boots unavailable)
Stlth    ++........             (no amulet)
HPRegen  0.11/turn              (no ring)
MPRegen  0.12/turn              (no ring)

@: no status effects
A: talons 3
a: Renounce Religion


You were on level 4 of the Dungeon.
You worshipped Qazlal.
Qazlal was noncommittal.
You visited 1 branch of the dungeon, and saw 4 of its levels.

You collected 138 gold pieces.

Inventory:

Hand Weapons
 k - a +1 whip of freezing (weapon)
Missiles
 l - 126 stones
 p - 6 javelins (quivered)
Armour
 a - a +0 robe (worn)
 j - a +0 helmet (worn)
Scrolls
 b - a scroll of holy word {unknown}
 d - a scroll of blinking {unknown}
 f - a scroll of identify {unknown}
 g - 2 scrolls of fog {unknown}
 i - 2 scrolls of noise {unknown}
 m - a scroll of enchant weapon {unknown}
 o - a scroll of magic mapping {unknown}
 q - a scroll of teleportation {unknown}
Potions
 c - 2 potions of attraction {unknown}
 e - a potion of degeneration {unknown}
 h - a potion of resistance {unknown}
 n - a potion of curing {unknown}


   Skills:
 + Level 1.7 Fighting
 - Level 2.0 Dodging
 - Level 2.0 Stealth
 - Level 4.0 Spellcasting
 - Level 4.0 Conjurations


You had 8 spell levels left.
You knew the following spells:

 Your Spells              Type           Power      Damage    Failure   Level
a - Magic Dart            Conj           80%        1d7       2%          1
b - Searing Ray           Conj           40%        3d4       3%          2

Your spell library contained the following spells:

 Spells                   Type           Power      Damage    Failure   Level
 Dazzling Flash           Conj/Hex       24%        N/A       17%         3
 Fulminant Prism          Conj/Hex       6%         3d7       50%         4
 Iskenderun's Mystic Bla  Conj/Tloc      12%        2d5       50%         4


Dungeon Overview and Level Annotations

Branches:
Dungeon (4/15)
 Temple: D:4-7

Altars:
Nemelex Xobeh
Qazlal
Ru


Innate Abilities, Weirdness & Mutations

You have claws for feet.


Message History

The hornet zombie hits you but does no damage.
The searing ray hits the hornet zombie!
The hornet zombie is heavily damaged.
The hornet zombie barely misses you. x2
The searing ray hits the hornet zombie.
The hornet zombie is severely damaged.
You finish channeling your searing ray.
The hornet zombie closely misses you.
Your magical contamination has completely faded away.
Casting: Searing Ray (safe; 3% risk of failure)
Confirm with . or Enter, or press ? or * to list all spells.
Aiming: Magic Dart (safe; 2% risk of failure)
Press: ? - help, Shift-Dir - straight line, f/p - hornet zombie
Aim: a hornet zombie (severely damaged, 100% to hit)
The magic dart hits the hornet zombie but does no damage.
The hornet zombie is severely damaged.
The hornet zombie hits you!
Casting: Magic Dart (safe; 2% risk of failure)
Confirm with . or Enter, or press ? or * to list all spells.
Aiming: Magic Dart (safe; 2% risk of failure)
Press: ? - help, Shift-Dir - straight line, f/p - hornet zombie
Aim: a hornet zombie (severely damaged, 100% to hit)
The magic dart hits the hornet zombie but does no damage.
The hornet zombie is severely damaged.
The hornet zombie closely misses you. The hornet zombie misses you.
Throw: 8 javelins
Press: ? - help, Q - select action, (/) - cycle Shift-Dir - straight line, f/p - hornet zombie
Aim: a hornet zombie (severely damaged, 58% to hit)
You throw a javelin.
The javelin closely misses the hornet zombie.
The hornet zombie hits you!
* * * LOW HITPOINT WARNING * * *
The hornet zombie hits you but does no damage.
Throw: 7 javelins
Press: ? - help, Q - select action, (/) - cycle Shift-Dir - straight line, f/p - hornet zombie
Aim: a hornet zombie (severely damaged, 58% to hit)
You throw a javelin.
The javelin pierces through the hornet zombie.
The hornet zombie is severely damaged.
The hornet zombie hits you!
You die...

#.#.....##.#
#.##.##.##.#
#...<....#.#
##########.#
........####
#######....#
#....# #....#
#.Z@.#
.............>.
..!......#.###.
....#....#.#
....#....# #
.####.....
##.### ##


You could see a hornet zombie.

Vanquished Creatures
  5 adders
  A worm (D:2)
  A dart slug (D:1)
  7 orcs
  8 endoplasms
  5 goblins
  5 hobgoblins
  5 kobolds
  4 ball pythons
  4 bats
  3 frilled lizards (D:1)
  5 rats
53 creatures vanquished.

Notes
Turn   | Place    | Note
-------+----------+-------------------------------------------
     0 | D:1      | Nixze the Demonspawn Conjurer began the quest for the Orb.
     0 | D:1      | Reached XP level 1. HP: 13/13 MP: 3/3
   249 | D:1      | Gained mutation: You have sharp toenails. [demonic
                  | ancestry]
   249 | D:1      | Reached XP level 2. HP: 19/19 MP: 1/5
   936 | D:1      | Gained mutation: You have razor-sharp toenails. [demonic
                  | ancestry]
   936 | D:1      | Reached XP level 3. HP: 24/24 MP: 3/7
  1149 | D:1      | Learned a level 2 spell: Searing Ray
  1819 | D:2      | Gained mutation: You have claws for feet. [demonic
                  | ancestry]
  1819 | D:2      | Reached XP level 4. HP: 30/30 MP: 2/9
  2017 | D:2      | Found a stormy altar of Qazlal.
  2247 | D:2      | Became a worshipper of Qazlal Stormbringer
  2278 | D:3      | Reached skill level 1 in Fighting
  2852 | D:3      | Found a sacrificial altar of Ru.
  2852 | D:3      | Found a sparkling altar of Nemelex Xobeh.
  3139 | D:4      | Mangled by a hornet zombie

Illustrated notes

Levels and vault maps discovered:
D:1:      roderic_octagonal_star, layout_rooms
D:2:      layout_loops_ring, basic_altar, st_stairs_3
D:3:      layout_loops_ring, gammafunk_temple_overflow_pools
D:4:      cheibrodos_greedy_goblins, layout_basic, led_xom_imps,
          ashenzari_altar_1, makhleb_blood_cavern_becter,
          minmay_temple_entry_statues_pillars, uniq_sigmund, uniq_ijyb,
          uniq_blork_the_orc

Skill      XL: |  1  2  3  4 |
---------------+-------------+-----
Stealth        | 2 |  2.0
Dodging        | 2 |  2.0
Spellcasting   | 3 4 |  4.0
Fighting       | 1 |  1.7
Conjurations   | |  4.0

Action                   |  1- 3 |  4- 6 || total
-------------------------+-------+-------++-------
Melee: Dagger            |     5 |       ||     5
       Kick              |     1 |       ||     1
Throw: Javelin           |       |     2 ||     2
 Cast: Magic Dart        |    76 |    39 ||   115
       Searing Ray       |     1 |     2 ||     3
Armor: Robe              |     1 |     3 ||     4
Dodge: Dodged            |    12 |     9 ||    21
